 Dungeon Crawl Stone Soup version 0.29.1-2-gbd0b4ee654 (webtiles) character file.

Game seed: 16700000647663332306

39 qeuew the Stinger (level 3, -1/25 HPs)
             Began as a Merfolk Venom Mage on Nov 4, 2022.
             Slain by a rat (2 damage)
             ... on level 1 of the Dungeon.
             The game lasted 00:02:16 (1356 turns).

qeuew the Stinger (Merfolk Venom Mage)              Turns: 1356, Time: 00:02:18

Health: -1/25      AC:  2    Str:  8    XL:     3   Next: 47%
Magic:  6/6        EV: 13    Int: 14    God:
Gold:   48         SH:  0    Dex: 16    Spells: 2/7 levels left

rFire   . . .      SeeInvis .   d - +0 long sword
rCold   . . .      Faith    .   (no shield)
rNeg    . . .      Spirit   .   a - +0 robe
rPois   .          Reflect  .   (no helmet)
rElec   .          Harm     .   (no cloak)
rCorr   .          Rampage  .   (no gloves)
Will    .....                   (no boots)
Stlth   ++........              (no amulet)
HPRegen 0.08/turn               (no ring)
MPRegen 0.10/turn               (no ring)

@: no status effects
A: (nimble swimmer 2), mertail
a: no special abilities


You were on level 1 of the Dungeon.
You visited 1 branch of the dungeon, and saw 2 of its levels.

You collected 48 gold pieces.

Inventory:

Hand Weapons
 d - a +0 long sword (weapon)
Armour
 a - a +0 robe (worn)
Scrolls
 h - a scroll of noise {unknown}
 i - a scroll of magic mapping {unknown}
Potions
 b - a potion of magic
 e - 2 potions of heal wounds


   Skills:
 * Level 0.4 Fighting
 * Level 0.5 Long Blades
 * Level 0.3 Armour
 * Level 3.2 Dodging
 - Level 2.1 Stealth
 * Level 2.5 Spellcasting
 - Level 1.3 Transmutations
 * Level 3.8 Poison Magic


You had 2 spell levels left.
You knew the following spells:

 Your Spells              Type           Power      Damage    Failure   Level
a - Sting                 Tmut/Pois      36%        1d4       8%          1
b - Poisonous Vapours     Pois/Air       14%        N/A       16%         2
c - Scorch                Fire           2%         2d5       34%         2

Your spell library contained the following spells:

 Spells                   Type           Power      Damage    Failure   Level
 Mephitic Cloud           Conj/Pois/Air  5%         N/A       38%         3
 Olgreb's Toxic Radiance  Pois           12%        N/A       43%         4
 Flame Wave               Conj/Fire      1%         2d4       92%         4
 Summon Cactus Giant      Summ           0%         N/A       100%        6


Dungeon Overview and Level Annotations

Branches:
Dungeon (2/15)

Altars:


Innate Abilities, Weirdness & Mutations

((You are very nimble when in or above water. (Stealth+, EV+, Speed+++)))
Your lower body shifts to a powerful aquatic tail in water.


Message History

The bat hits you. The adder completely misses you.
You climb upwards.
There is a stone staircase leading down here.
You closely miss the adder. The adder closely misses you. The adder bites you.
* * * LOW HITPOINT WARNING * * *
You hit the adder.
The adder is heavily wounded.
The adder looks more healthy.
The adder misses you. The adder bites you.
* * * LOW HITPOINT WARNING * * *
You slash the adder!
You kill the adder!
Your magical contamination has completely faded away.
There is a stone staircase leading down here.
You start resting.
Magic restored.
You start resting.
HP restored.
You climb downwards.
The bat hits you but does no damage. The orc hits you but does no damage.
The rat bites you but does no damage. x2
The orc hits you with a +0 hand axe.
There is a stone staircase leading up, spattered with blood here.
The bat barely misses you. The orc hits you with a +0 hand axe.
The rat bites you.
You climb upwards.
There is a stone staircase leading down here.
You barely miss the orc. The orc hits you with a +0 hand axe.
The rat bites you.
You closely miss the rat. The orc hits you with a +0 hand axe.
The rat barely misses you.
You closely miss the orc. The orc barely misses you. The rat bites you.
The orc barely misses you. The rat closely misses you.
You hit the orc but do no damage. The orc misses you. The rat misses you.
You hit the orc.
The orc is lightly wounded.
The orc hits you with a +0 hand axe. The rat bites you.
* * * LOW HITPOINT WARNING * * *
The orc hits you with a +0 hand axe.
* * * LOW HITPOINT WARNING * * *
The rat bites you.
You die...

..#.#...#..##.........#
#.#.#.#.#.###.........#
#.#.#.#.#.###.........##########
..#...#.#.##.........#.#.#.#.#.##
#.#####.#.......................#
#.......#............#.#.#.#.#.##
..#####.#........................
..#...#.#.......o....#.#)#.#.#.#.
..#.#.#.#......r@................
#.#.#.#.#............#.#.#.#.#.#.
#.#.#...#........................
..#.#####.##.........#.#.#.#)#.#.
..#..............................
..#.#####.##.........#.#.#.#.#.#.
#.#.#...#..###..####.............
..#.#.#.#............#.#.#.#.#.#.
#.#.#.#.#..###.#...##....>.......


You could see an orc and a rat.

Vanquished Creatures
  A gnoll (D:1)
  An adder (D:1)
  2 bats (D:1)
  An endoplasm (D:1)
  5 hobgoblins (D:1)
  2 kobolds (D:1)
  2 quokkas
  4 ball pythons (D:1)
  2 frilled lizards (D:1)
  2 rats (D:1)
22 creatures vanquished.

Notes
Turn   | Place    | Note
-------+----------+-------------------------------------------
     0 | D:1      | qeuew the Merfolk Venom Mage began the quest for the Orb.
     0 | D:1      | Reached XP level 1. HP: 13/13 MP: 3/3
   370 | D:1      | Reached XP level 2. HP: 18/19 MP: 1/5
   440 | D:1      | Learned a level 2 spell: Poisonous Vapours
  1029 | D:1      | Reached XP level 3. HP: 21/24 MP: 1/6
  1085 | D:1      | Learned a level 2 spell: Scorch
  1356 | D:1      | HP: 1/25 [orc/+0 hand axe (6)]
  1356 | D:1      | Slain by a rat

Illustrated notes

Levels and vault maps discovered:
D:1:      shiori_arrival_elements, layout_rooms, roderic_lattice_a,
          minivault_14, st_stairs_11, minmay_misc_feat_plants
D:2:      layout_rooms

Skill      XL: |  1  2 |
---------------+-------+-----
Dodging        | 3 |  3.2
Fighting       | |  0.4
Long Blades    | |  0.5
Armour         | |  0.3
Stealth        | |  2.1
Spellcasting   | |  2.5
Transmutations | |  1.3
Poison Magic   | |  3.8

Action                   || total
-------------------------++-------
Melee: Long sword        ||    29
 Cast: Sting             ||    35
  Use: Scroll            ||     3
 Stab: Sleeping          ||     1
Armor: Robe              ||    12
Dodge: Dodged            ||    50
